[Event "Titled Tuesday Blitz April 11 Late 2023"]
[White "Pasti, Aron"]
[Black "Bilych, Olexiy"]
[WhiteFideId "785857"]
[BlackFideId "14156504"]
[WhiteElo "2173"]
[BlackElo "2320"]
[Result "0-1"]
[Round "05"]
[TimeControl "180+2"]
[Date "2023.04.11"]
[WhiteClock "0:00:57"]
[BlackClock "0:01:31"]

1. e4 d5 2. exd5 Qxd5 3. Nc3 Qe5+ 4. Be2 Bg4 5. d4 Bxe2 6. Ngxe2 Qa5 7. O-O Nf6 8. Bf4 e6 9. Qd3 Nc6 10. Nb5 Nd5 11. Bg3 a6 12. Nbc3 O-O-O 13. Nxd5 Qxd5 14. c4 Qh5 15. Rfd1 Bd6 16. d5 Bxg3 17. hxg3 exd5 18. Nf4 Qe5 19. cxd5 g5 20. Qe2 gxf4 21. Qg4+ f5 22. Qxf4 Qxf4 23. gxf4 0-1


[Site "https://www.chess.com"]

[Event "Titled Tuesday Blitz April 11 Late 2023"]
[White "Forgacs, Attila Jr."]
[Black "Martinez Ramirez, Lennis"]
[WhiteFideId "773654"]
[BlackFideId "3509079"]
[WhiteElo "2168"]
[BlackElo "2410"]
[Result "0-1"]
[Round "05"]
[TimeControl "180+2"]
[Date "2023.04.11"]
[WhiteClock "0:00:01"]
[BlackClock "0:02:07"]

1. e4 c5 2. Nf3 Nc6 3. d4 cxd4 4. Nxd4 e5 5. Nb5 d6 6. N1c3 a6 7. Na3 Nf6 8. Nc4 b5 9. Ne3 Be7 10. g3 O-O 11. Bg2 Nd4 12. O-O Bb7 13. Ned5 Rc8 14. Nxe7+ Qxe7 15. Be3 b4 16. Bxd4 exd4 17. Nd5 Nxd5 18. exd5 Qf6 19. Qd2 a5 20. a3 Rc4 21. axb4 axb4 22. Ra7 Rb8 23. Rfa1 g6 24. R1a4 Bc8 25. Ra8 Rxa8 26. Rxa8 Kg7 27. Rb8 Bf5 28. Rxb4 Rxc2 29. Qf4 g5 30. Qf3 Rc1+ 31. Bf1 Bh3 32. Qe2 Qf3 33. Rb7 Qg2# 0-1


[Site "https://www.chess.com"]

[Event "Titled Tuesday Blitz April 11 Late 2023"]
[White "Hadzovic, Amir"]
[Black "Castaneda, Jhon David"]
[WhiteFideId "14402300"]
[BlackFideId "4405048"]
[WhiteElo "2294"]
[BlackElo "2102"]
[Result "0-1"]
[Round "05"]
[TimeControl "180+2"]
[Date "2023.04.11"]
[WhiteClock "0:00:01"]
[BlackClock "0:01:05"]

1. e4 c5 2. Nc3 Nc6 3. a3 g6 4. Bc4 Bg7 5. d3 e6 6. Ba2 Nge7 7. h4 h5 8. Bg5 Qa5 9. Qd2 Nd4 10. Bxe7 Nxc2+ 11. Qxc2 Kxe7 12. Nf3 Rd8 13. O-O Kf8 14. Ng5 Kg8 15. Rac1 d6 16. Qe2 Qb6 17. Qf3 Rf8 18. Rc2 Bd7 19. g4 hxg4 20. Qxg4 Qd8 21. f4 Bd4+ 22. Kh1 Kg7 23. Rh2 Rh8 24. Rf3 Qf6 25. e5 Qf5 26. Qxf5 gxf5 27. exd6 Bc6 28. Kg2 Rag8 29. Kg3 Bxf3 30. Kxf3 Rd8 31. h5 Rxd6 32. h6+ Kf6 33. h7 Bxc3 34. bxc3 Rxd3+ 35. Ke2 Rxc3 36. Kd2 Rxa3 37. Bb1 Ra1 38. Kc1 Ra4 39. Rf2 Rxf4 40. Rxf4 Kxg5 41. Ra4 Rxh7 42. Rxa7 f6 43. Ra5 Rc7 44. Rb5 e5 45. Kd2 Kf4 46. Rb6 Kg5 47. Ke3 c4 48. Kd2 f4 49. Be4 f5 50. Bxb7 e4 51. Bd5 Rc5 52. Be6 c3+ 53. Kc2 f3 54. Rb8 Kf4 55. Rd8 Re5 56. Bc4 e3 57. Rd1 e2 58. Re1 Kg3 59. Kxc3 Kf2 60. Rh1 e1=Q+ 61. Rxe1 Kxe1 0-1


[Site "https://www.chess.com"]

[Event "Titled Tuesday Blitz April 11 Late 2023"]
[White "Aldokhin, Ivan"]
[Black "Reprintsev, Alexander"]
[WhiteFideId "24115720"]
[BlackFideId "14100541"]
[WhiteElo "2322"]
[BlackElo "2211"]
[Result "1-0"]
[Round "05"]
[TimeControl "180+2"]
[Date "2023.04.11"]
[WhiteClock "0:00:03"]
[BlackClock "0:00:09"]

1. e4 e5 2. Nf3 Nc6 3. Bb5 Bc5 4. Nxe5 Qg5 5. Ng4 h5 6. d4 Bb4+ 7. c3 Qxb5 8. cxb4 hxg4 9. Nc3 Qxb4 10. O-O Qxd4 11. Qxg4 d6 12. Qg3 Qe5 13. Bf4 Qh5 14. Nd5 Kd8 15. Bxd6 cxd6 16. Qxd6+ Bd7 17. Qf8+ Be8 18. Rfd1 Qxh2+ 19. Kf1 Qh1+ 20. Ke2 Qh5+ 21. f3 Nf6 22. Nxf6+ Kc8 23. Qxg7 Qb5+ 24. Kf2 Qc5+ 25. Ke2 Qb5+ 26. Rd3 Qxb2+ 27. Rd2 Qxa1 28. Qxh8 Kc7 29. Qh2+ Kb6 30. Nd5+ Ka6 31. Nc7+ Ka5 32. Qh5+ f5 33. Qxf5+ Ne5 34. Rd5+ b5 35. Qxe5 Qxa2+ 36. Ke3 Rc8 37. Rxb5+ Ka4 38. Ra5+ Kb3 39. Qd5+ 1-0


[Site "https://www.chess.com"]

[Event "Titled Tuesday Blitz April 11 Late 2023"]
[White "Vovk, Orest"]
[Black "Domingo Nunez, Ruben"]
[WhiteFideId "14113490"]
[BlackFideId "22245570"]
[WhiteElo "2215"]
[BlackElo "2404"]
[Result "0-1"]
[Round "05"]
[TimeControl "180+2"]
[Date "2023.04.11"]
[WhiteClock "0:00:04"]
[BlackClock "0:00:50"]

1. h4 g6 2. h5 d5 3. hxg6 fxg6 4. e4 dxe4 5. Nc3 Nf6 6. d3 Bg4 7. Be2 Bxe2 8. Ngxe2 exd3 9. cxd3 Nc6 10. Be3 Qd7 11. Qb3 b6 12. O-O-O Bg7 13. Nf4 Ng4 14. Ne6 Bxc3 15. Qxc3 Nf6 16. d4 Nd5 17. Ng7+ Kf7 18. Qb3 Kxg7 19. Bh6+ Kf7 20. Rh3 Rag8 21. Rf3+ Ke8 22. Kb1 Kd8 23. Rc1 Kc8 24. Qb5 Kb7 25. Ra3 a5 26. Rxa5 Qf5+ 27. Ka1 Nxa5 28. g4 Qe6 29. Bd2 Ra8 0-1


[Site "https://www.chess.com"]

[Event "Titled Tuesday Blitz April 11 Late 2023"]
[White "Erzhanov, Arman"]
[Black "Manzone, Alessandro"]
[WhiteFideId "4138821"]
[BlackFideId "112488"]
[WhiteElo "2138"]
[BlackElo "2255"]
[Result "1-0"]
[Round "05"]
[TimeControl "180+2"]
[Date "2023.04.11"]
[WhiteClock "0:01:13"]
[BlackClock "0:00:54"]

1. e4 c5 2. Nf3 e6 3. b3 Nc6 4. Bb5 Nd4 5. Nxd4 cxd4 6. O-O Qb6 7. Bd3 Bc5 8. Na3 Ne7 9. Nc4 Qc7 10. a4 O-O 11. e5 b6 12. Ba3 Bb7 13. b4 d5 14. Nb2 Rfc8 15. Qh5 Ng6 16. bxc5 bxc5 17. f4 Qb6 18. Rab1 Qa5 19. Rf3 Qxd2 20. Rd1 Qa5 21. Rh3 Nxf4 22. Qxh7+ Kf8 23. Rf3 Nxd3 24. Nxd3 Ke7 25. Qxg7 1-0


[Site "https://www.chess.com"]

[Event "Titled Tuesday Blitz April 11 Late 2023"]
[White "Gil Alba, Hector Luis"]
[Black "Mamedov, Edgar"]
[WhiteFideId "3504670"]
[BlackFideId "13739980"]
[WhiteElo "2331"]
[BlackElo "2330"]
[Result "0-1"]
[Round "05"]
[TimeControl "180+2"]
[Date "2023.04.11"]
[WhiteClock "0:00:33"]
[BlackClock "0:00:19"]

1. e4 Nc6 2. d4 d5 3. Nc3 e6 4. Nf3 Nf6 5. e5 Nd7 6. Ne2 f6 7. exf6 Qxf6 8. c3 Bd6 9. Bg5 Qf7 10. Ng3 O-O 11. Bb5 e5 12. O-O e4 13. Nd2 Nf6 14. f3 exf3 15. Qxf3 Ne7 16. Bxf6 Qxf6 17. Qxf6 gxf6 18. Nh5 f5 19. Nf4 c6 20. Bd3 Ng6 21. Nxg6 hxg6 22. Rae1 Bd7 23. Nf3 Kg7 24. Ne5 Be8 25. g4 f4 26. g5 c5 27. Ng4 cxd4 28. cxd4 Bd7 29. Nf6 Rxf6 30. gxf6+ Kxf6 31. a3 g5 32. Rf2 Rh8 33. Rfe2 f3 34. Re5 Bxe5 35. Rxe5 Be6 36. b4 Rh4 37. Re3 Rf4 38. Kf2 g4 39. Kg3 Rxd4 40. h3 gxh3 41. Rxf3+ Ke5 42. Re3+ Kd6 43. Bf1 Re4 44. Rxe4 dxe4 45. Kf4 Kd5 46. Ke3 Ke5 47. a4 Bg4 48. Kf2 Kf4 49. Kg1 e3 50. Kh2 e2 51. Bxe2 Bxe2 52. Kxh3 Ke4 53. Kg3 Kd4 54. Kf2 Bd1 0-1


[Site "https://www.chess.com"]

[Event "Titled Tuesday Blitz April 11 Late 2023"]
[White "Jonkman, Harmen"]
[Black "Mendez Fortes, Eduardo Jesus"]
[WhiteFideId "1002708"]
[BlackFideId "3502376"]
[WhiteElo "2368"]
[BlackElo "2307"]
[Result "1-0"]
[Round "05"]
[TimeControl "180+2"]
[Date "2023.04.11"]
[WhiteClock "0:00:44"]
[BlackClock "0:00:13"]

1. e4 c5 2. Nf3 d6 3. Bb5+ Nd7 4. O-O Nf6 5. Re1 a6 6. Bf1 g6 7. a4 Bg7 8. c3 O-O 9. d4 e5 10. d5 h6 11. Nfd2 Rb8 12. Nc4 Qc7 13. a5 b5 14. axb6 Nxb6 15. Na5 Ra8 16. f3 Nh5 17. Be3 f5 18. Nd2 f4 19. Bf2 g5 20. b4 cxb4 21. cxb4 Rb8 22. Nc6 Bd7 23. Bxa6 Nf6 24. Rc1 Kh7 25. Nxe5 Qa7 26. Nxd7 Nfxd7 27. Bb5 Ne5 28. Nb3 Qa3 29. Nd4 Rfc8 30. Nc6 Ra8 31. Bxb6 Qxb4 32. Nxb4 1-0


[Site "https://www.chess.com"]

[Event "Titled Tuesday Blitz April 11 Late 2023"]
[White "Sabuk, Piotr"]
[Black "Papayan, Oleg"]
[WhiteFideId "1137565"]
[BlackFideId "4193911"]
[WhiteElo "2298"]
[BlackElo "2153"]
[Result "1/2-1/2"]
[Round "05"]
[TimeControl "180+2"]
[Date "2023.04.11"]
[WhiteClock "0:00:04"]
[BlackClock "0:00:02"]

1. d4 Nf6 2. c4 e6 3. Nf3 d5 4. g3 dxc4 5. Bg2 c5 6. O-O Nc6 7. dxc5 Qxd1 8. Rxd1 Bxc5 9. Nbd2 c3 10. bxc3 O-O 11. Nb3 Be7 12. Bb2 Bd7 13. c4 Rfc8 14. Bxf6 Bxf6 15. Rxd7 Bxa1 16. Nxa1 Rd8 17. Rd2 Ne5 18. Nb3 Nxc4 19. Rc2 Rd1+ 20. Bf1 b5 21. e3 Rb1 22. Nfd4 a6 23. Kg2 Rc8 24. Bxc4 Rxc4 25. Rd2 g5 26. Kf3 Rh1 27. Ke2 Rxh2 28. Nf3 Rh5 29. Rd8+ Kg7 30. Kd3 g4 31. Nfd4 Rd5 32. Rxd5 exd5 33. Ne2 Ra4 34. Nc3 Ra3 35. Kd4 b4 36. Nxd5 Rxa2 37. Nxb4 Rb2 38. Kc3 Rxf2 39. Nxa6 Rf3 40. Kd3 Rxg3 41. Nac5 h5 42. Nd4 Rg1 43. Ne4 h4 44. Nf5+ Kg6 45. Nxh4+ Kh5 46. Nf5 Ra1 47. Ke2 Ra2+ 48. Kf1 Rb2 49. Kg1 Ra2 50. Nf2 Kg5 51. Ng3 f5 52. Nd3 Ra3 53. Nf2 Rxe3 54. Nf1 Ra3 55. Nd2 Ra2 56. Nc4 Kf4 57. Nd3+ Kg3 58. Ne3 Ra1+ 59. Nf1+ Kh4 60. Kf2 Ra2+ 61. Ke3 Ra3 62. Ke2 g3 63. Ne3 Kh3 64. Nf4+ Kh2 65. Kf3 Rb3 66. Ng2 Ra3 67. Nf4 Rb3 68. Ng2 Rb1 69. Nf4 Rb2 70. Nxf5 Rf2+ 71. Ke4 Rxf4+ 72. Kxf4 g2 73. Nd4 Kh1 74. Nf3 g1=Q 75. Nxg1 1/2-1/2


[Site "https://www.chess.com"]

[Event "Titled Tuesday Blitz April 11 Late 2023"]
[White "Prydun, Andriy"]
[Black "Di Berardino, Diego Rafael"]
[WhiteFideId "14145898"]
[BlackFideId "2105446"]
[WhiteElo "2164"]
[BlackElo "2432"]
[Result "0-1"]
[Round "05"]
[TimeControl "180+2"]
[Date "2023.04.11"]
[WhiteClock "0:00:01"]
[BlackClock "0:01:15"]

1. e4 Nf6 2. e5 Nd5 3. Nf3 d6 4. d4 dxe5 5. Nxe5 c6 6. Be2 Bf5 7. O-O e6 8. c3 Nd7 9. Nd3 Be7 10. Nd2 O-O 11. Nf3 c5 12. Be3 Rc8 13. dxc5 Nxe3 14. fxe3 Nxc5 15. Nd4 Bg6 16. Ne5 Bg5 17. Rf3 Qd5 18. Nxg6 hxg6 19. Qe1 a6 20. Rh3 e5 21. Nf3 Bxe3+ 22. Kh1 Ne4 23. Qh4 Nf2+ 0-1


[Site "https://www.chess.com"]

[Event "Titled Tuesday Blitz April 11 Late 2023"]
[White "Filgueira, Hernan"]
[Black "Jumanov, Elbek"]
[WhiteFideId "101770"]
[BlackFideId "14202905"]
[WhiteElo "2363"]
[BlackElo "2055"]
[Result "1-0"]
[Round "05"]
[TimeControl "180+2"]
[Date "2023.04.11"]
[WhiteClock "0:00:14"]
[BlackClock "0:00:01"]

1. c4 c5 2. g3 Nc6 3. Bg2 g6 4. e3 Bg7 5. Ne2 e6 6. Nbc3 Nge7 7. d4 cxd4 8. exd4 d5 9. cxd5 Nxd5 10. Nxd5 exd5 11. Nf4 O-O 12. O-O Nxd4 13. Nxd5 Re8 14. Be3 Nf5 15. Bf4 Bxb2 16. Rb1 Be5 17. Re1 Qd6 18. Rc1 Bd7 19. Nc7 Bxf4 20. Nxe8 Bxe8 21. gxf4 Qxf4 22. Qf3 Qg5 23. Qxb7 Rd8 24. Qc7 Bb5 25. f4 Qf6 26. Qe5 Qb6+ 27. Qc5 Qb8 28. Rb1 Qxf4 29. Rxb5 Rd2 30. Rb4 Qg5 31. Rb8+ Kg7 32. Qf8+ Kf6 33. Qh8+ Ng7 34. Rf1+ Ke6 35. Re8+ Kd6 36. Rd8+ Kc5 37. Rxd2 Qxd2 38. Qxg7 Qe3+ 39. Kh1 1-0


[Site "https://www.chess.com"]

[Event "Titled Tuesday Blitz April 11 Late 2023"]
[White "Bochnicka, Vladimir"]
[Black "Ismagilov, Damir"]
[WhiteFideId "14943450"]
[BlackFideId "34199982"]
[WhiteElo "2094"]
[BlackElo "2078"]
[Result "0-1"]
[Round "05"]
[TimeControl "180+2"]
[Date "2023.04.11"]
[WhiteClock "0:00:03"]
[BlackClock "0:00:23"]

1. e4 e6 2. d4 d5 3. exd5 exd5 4. c4 c6 5. Nc3 Nf6 6. Bd3 dxc4 7. Bxc4 Bd6 8. Nge2 O-O 9. O-O Nbd7 10. Bf4 Nb6 11. Bb3 Bg4 12. Qd2 Qc7 13. Rac1 Bxe2 14. Nxe2 Bxf4 15. Nxf4 Rad8 16. Rfe1 Rd6 17. Qe3 Rfd8 18. Qe7 R6d7 19. Qe5 h6 20. h3 Qd6 21. Rcd1 Nbd5 22. Nd3 Re7 23. Qxd6 Rxd6 24. Ne5 Nd7 25. g3 Rde6 26. f4 g6 27. Kf2 Kg7 28. Kf3 f6 29. Nd3 Re3+ 30. Rxe3 Rxe3+ 31. Kf2 Re7 32. Bxd5 cxd5 33. Nb4 Nb6 34. Rc1 a5 35. Nd3 Nc4 36. b3 Ne3 37. Re1 Nf5 38. Rxe7+ Nxe7 39. Nc5 b6 40. Nd7 Nc8 41. Ke3 Kf7 42. Nb8 Ke6 43. Nc6 Kd7 44. Nb8+ Kc7 45. Na6+ Kb7 46. Nc5+ bxc5 47. dxc5 Kc6 48. Kd4 Ne7 49. g4 g5 50. f5 Nc8 51. a3 Na7 52. b4 axb4 53. axb4 Nb5+ 54. Kd3 Nc7 55. Kd4 Kb5 56. Kc3 Na6 57. Kd4 Nxb4 58. c6 Kxc6 0-1


[Site "https://www.chess.com"]

[Event "Titled Tuesday Blitz April 11 Late 2023"]
[White "Suder, Jakub"]
[Black "Martin Barcelo, Carles"]
[WhiteFideId "1195310"]
[BlackFideId "24561444"]
[WhiteElo "2287"]
[BlackElo "2089"]
[Result "1-0"]
[Round "05"]
[TimeControl "180+2"]
[Date "2023.04.11"]
[WhiteClock "0:01:16"]
[BlackClock "0:00:05"]

1. d4 Nf6 2. c4 e6 3. Nc3 d5 4. cxd5 exd5 5. Bg5 c6 6. e3 Be7 7. Bd3 h6 8. Bh4 O-O 9. Qc2 Nbd7 10. Nge2 Ne8 11. Bg3 Bd6 12. O-O Bxg3 13. Nxg3 Ndf6 14. f3 Nd6 15. Rad1 Re8 16. e4 Qb6 17. Be2 Nb5 18. Nxb5 cxb5 19. Kh1 dxe4 20. fxe4 Bg4 21. Rxf6 Qxf6 22. Bxg4 Rad8 23. e5 Qf4 24. Qe4 Qxe4 25. Nxe4 f5 26. Bh5 fxe4 27. Bxe8 Rxe8 28. Kg1 Kf7 29. Kf2 Ke6 30. Ke3 Kd5 31. Rc1 b6 32. Rc7 Rf8 33. Rd7+ Ke6 34. Rxg7 Rf1 35. Rg6+ Ke7 36. Kxe4 Rb1 37. Kd5 Rxb2 38. Rg7+ Kf8 39. Rxa7 Rxg2 40. Kd6 Rxh2 41. e6 Re2 42. d5 h5 43. Rh7 1-0


[Site "https://www.chess.com"]

[Event "Titled Tuesday Blitz April 11 Late 2023"]
[White "Federzoni, Enzo"]
[Black "Wadsworth, Matthew J"]
[WhiteFideId "2173301"]
[BlackFideId "415804"]
[WhiteElo "2039"]
[BlackElo "2330"]
[Result "1/2-1/2"]
[Round "05"]
[TimeControl "180+2"]
[Date "2023.04.11"]
[WhiteClock "0:00:18"]
[BlackClock "0:00:04"]

1. d4 d5 2. Bf4 c5 3. e3 Nc6 4. c3 Nf6 5. Nd2 Bg4 6. Qb3 Qc8 7. h3 Bh5 8. Ngf3 e6 9. Ne5 Nxe5 10. dxe5 Nd7 11. g4 Bg6 12. Bg2 c4 13. Qd1 Nc5 14. O-O h5 15. b3 hxg4 16. hxg4 cxb3 17. axb3 Nd3 18. c4 Nxf4 19. exf4 d4 20. Qf3 Bb4 21. Qxb7 Qxb7 22. Bxb7 Rb8 23. Bc6+ Kf8 24. Ne4 a5 25. f3 Ke7 26. Rfd1 Bxe4 27. Bxe4 Bc3 28. Rab1 Rh3 29. Kg2 Rbh8 30. Rh1 Rxh1 31. Rxh1 Rxh1 32. Kxh1 Bd2 33. f5 Bf4 34. fxe6 Kxe6 35. Kg2 Kxe5 36. Kf1 Bd2 37. Ke2 Bb4 38. Kd3 Bc5 39. Bd5 f6 40. Be4 Kf4 41. Bd5 Kg3 42. Be4 g5 43. Bd5 Kf2 44. Be4 Ke1 45. Bd5 Kd1 46. Bc6 Kc1 47. Ba4 Kb2 48. Kd2 Bb4+ 49. Kd3 Bc5 50. Kd2 Ka3 51. Kc2 Kb4 52. Kd3 Bb6 53. Kc2 Bc7 54. Kd3 Be5 55. Kc2 Ka3 56. Kd3 Kb2 57. c5 Ka3 58. c6 Kb4 59. c7 Bxc7 60. Kxd4 Be5+ 61. Ke4 Bc3 1/2-1/2


[Site "https://www.chess.com"]

[Event "Titled Tuesday Blitz April 11 Late 2023"]
[White "Haydon, David L"]
[Black "Guzman Moneo, Alberto"]
[WhiteFideId "415405"]
[BlackFideId "2209616"]
[WhiteElo "2326"]
[BlackElo "2157"]
[Result "1-0"]
[Round "05"]
[TimeControl "180+2"]
[Date "2023.04.11"]
[WhiteClock "0:01:00"]
[BlackClock "0:00:44"]

1. d4 Nf6 2. Nc3 d5 3. Bf4 c6 4. Nf3 Bf5 5. e3 Nbd7 6. Ne5 e6 7. g4 Nxe5 8. gxf5 Ned7 9. fxe6 fxe6 10. Bh3 Qe7 11. Qd3 e5 12. dxe5 Nxe5 13. Qe2 Nc4 14. b3 Qb4 15. O-O Qxc3 16. bxc4 Qxc4 17. Qf3 Be7 18. Be6 Qe4 19. Qh3 g5 20. Bxg5 Qg6 21. f4 h6 22. Kh1 Qe4+ 23. Rf3 Rh7 24. Bxf6 Bxf6 25. Bf5 Qe7 26. Bxh7 Qxh7 27. Qe6+ Qe7 28. Qxe7+ Kxe7 29. Rb1 b6 30. e4 Bd4 31. exd5 cxd5 32. Rd1 Bc5 33. Rxd5 Rg8 34. Rg3 Rf8 35. f5 h5 36. Rg6 h4 37. Re6+ Kf7 38. Rd7+ Kg8 39. Rg6+ Kh8 40. f6 h3 41. Rh6+ Kg8 42. Rg7# 1-0


[Site "https://www.chess.com"]

[Event "Titled Tuesday Blitz April 11 Late 2023"]
[White "Estrada Nieto, Julian"]
[Black "Vlassov, Nikolai"]
[WhiteFideId "5101018"]
[BlackFideId "4103360"]
[WhiteElo "2161"]
[BlackElo "2324"]
[Result "0-1"]
[Round "05"]
[TimeControl "180+2"]
[Date "2023.04.11"]
[WhiteClock "0:00:01"]
[BlackClock "0:00:23"]

1. d4 Nf6 2. Nf3 e6 3. g3 b5 4. Bg2 Bb7 5. O-O c5 6. a4 b4 7. Bg5 Na6 8. Qd3 Be7 9. Ne5 Bxg2 10. Kxg2 Qb6 11. Qf3 Rc8 12. Nc4 Qc6 13. Bxf6 Qxf3+ 14. exf3 gxf6 15. d5 exd5 16. Ne3 Nc7 17. Rd1 d4 18. Nf5 Bf8 19. Nd2 d5 20. Re1+ Kd7 21. f4 Ne6 22. Nf3 h5 23. Rad1 Rc6 24. c3 bxc3 25. bxc3 Ra6 26. cxd4 c4 27. Rb1 Rb6 28. a5 Rb4 29. Rxb4 Bxb4 30. Rb1 Rb8 31. Ne3 Kc6 32. Nf5 Rb5 33. a6 Kb6 34. Ne3 Nc7 35. Ra1 Nxa6 36. Nh4 Nc7 37. Nhf5 a5 38. Nc2 Bc3 39. Ra3 Rb3 40. Ra4 Kb5 41. Ra2 a4 42. Nce3 a3 43. Rc2 Bb2 44. Ne7 a2 45. N7xd5 Nxd5 46. Nxd5 a1=Q 47. Ne3 c3 48. Re2 Bc1 49. Nc2 Qa8+ 50. Kh3 Rb2 51. d5 Rxc2 52. Rxc2 Bd2 53. d6 Kc6 54. d7 Kxd7 0-1


[Site "https://www.chess.com"]

[Event "Titled Tuesday Blitz April 11 Late 2023"]
[White "Kaplan, Avi Harrison"]
[Black "Djokic, Mihailo"]
[WhiteFideId "30934559"]
[BlackFideId "976440"]
[WhiteElo "1983"]
[BlackElo "2294"]
[Result "0-1"]
[Round "05"]
[TimeControl "180+2"]
[Date "2023.04.11"]
[WhiteClock "0:00:09"]
[BlackClock "0:01:16"]

1. h3 e5 2. a3 f5 3. g4 d5 4. gxf5 Bxf5 5. d3 Nf6 6. Bg2 Bc5 7. b4 Bd4 8. c3 Bb6 9. Nf3 Nbd7 10. c4 c6 11. Bb2 Qe7 12. Nbd2 O-O 13. Qb3 Kh8 14. O-O-O a5 15. c5 Bc7 16. h4 axb4 17. axb4 b6 18. h5 bxc5 19. Nh4 Be6 20. d4 exd4 21. Qf3 Ne5 22. Qg3 Nxh5 23. Qh2 Nd3+ 24. exd3 Bxh2 25. Rxh2 Nf4 26. Ndf3 Kg8 27. Rg1 Ne2+ 28. Kd2 Nxg1 29. Nxg1 Ra2 30. Kc2 c4 31. Kb1 Rxb2+ 32. Kxb2 Qxb4+ 33. Kc2 Rxf2+ 34. Kd1 Qd2# 0-1


[Site "https://www.chess.com"]

[Event "Titled Tuesday Blitz April 11 Late 2023"]
[White "Kujawski, Adam"]
[Black "Klenburg, Michael"]
[WhiteFideId "1100920"]
[BlackFideId "14102072"]
[WhiteElo "2054"]
[BlackElo "2396"]
[Result "0-1"]
[Round "05"]
[TimeControl "180+2"]
[Date "2023.04.11"]
[WhiteClock "0:00:01"]
[BlackClock "0:01:01"]

1. e4 d6 2. d4 Nf6 3. Nc3 g6 4. h3 Bg7 5. Nf3 O-O 6. Be3 a6 7. a4 e6 8. g3 Nc6 9. Bg2 Nb4 10. O-O Re8 11. Qd2 a5 12. Rac1 b6 13. Bh6 Bb7 14. Bxg7 Kxg7 15. Qf4 h6 16. h4 Qe7 17. g4 e5 18. dxe5 dxe5 19. Qg3 Nxe4 20. Nxe4 Bxe4 21. Rfe1 Bxf3 22. Bxf3 Rad8 23. g5 hxg5 24. hxg5 Qc5 25. Kg2 Rd2 26. Rh1 e4 27. Qh4 exf3+ 28. Kg1 Kf8 29. Qh8+ Ke7 30. Qf6+ Kd7 31. Qxf7+ Re7 32. Qxf3 Qxg5+ 33. Kf1 Qd5 0-1


[Site "https://www.chess.com"]

[Event "Titled Tuesday Blitz April 11 Late 2023"]
[White "Kovalevsky, Stanislav"]
[Black "Cori T., Deysi"]
[WhiteFideId "13508598"]
[BlackFideId "3801934"]
[WhiteElo "2174"]
[BlackElo "2292"]
[Result "0-1"]
[Round "05"]
[TimeControl "180+2"]
[Date "2023.04.11"]
[WhiteClock "0:00:59"]
[BlackClock "0:00:32"]

1. c4 f5 2. Nc3 Nf6 3. g3 g6 4. Bg2 Bg7 5. b4 d6 6. Bb2 O-O 7. e3 e5 8. Nge2 Nc6 9. b5 Ne7 10. d4 Kh8 11. a4 Be6 12. Bxb7 Bxc4 13. Bxa8 Qxa8 14. O-O Qf3 15. dxe5 dxe5 16. Ba3 Nfd5 17. Qc2 Bh6 18. Nxd5 Bxd5 19. e4 Bxe4 20. Qxe4 fxe4 21. Bxe7 Rf7 22. Bc5 Qxe2 23. Bxa7 e3 24. a5 exf2+ 25. Bxf2 Rxf2 26. Rxf2 Be3 27. Rf1 Qxb5 28. Kg2 Bxf2 29. Rxf2 Qxa5 30. Kh3 Qd5 31. g4 g5 32. Kg3 Qd3+ 33. Kg2 c5 34. h3 c4 35. Kh1 c3 36. h4 c2 37. h5 c1=Q+ 38. Kh2 Qe4 39. h6 Qch1+ 40. Kg3 Qh4# 0-1


[Site "https://www.chess.com"]

[Event "Titled Tuesday Blitz April 11 Late 2023"]
[White "Rosen, Eric"]
[Black "Gatterer, Florian"]
[WhiteFideId "2032562"]
[BlackFideId "811688"]
[WhiteElo "2331"]
[BlackElo "2221"]
[Result "1-0"]
[Round "05"]
[TimeControl "180+2"]
[Date "2023.04.11"]
[WhiteClock "0:00:34"]
[BlackClock "0:00:03"]

1. e4 c5 2. Nf3 e6 3. c4 Nc6 4. Be2 Nf6 5. Nc3 e5 6. a3 Be7 7. b4 d6 8. Rb1 O-O 9. O-O b6 10. d3 h6 11. Ne1 Nd4 12. f4 Nh7 13. Nd5 exf4 14. Bxf4 Bg5 15. Bg3 Be6 16. Bg4 Bxd5 17. cxd5 Nf6 18. Bh3 Qe7 19. Nf3 Nxf3+ 20. Qxf3 Nd7 21. bxc5 Nxc5 22. Kh1 Rae8 23. Rb2 Bf6 24. Rc2 Be5 25. Be1 Nb3 26. Rc4 Nd4 27. Qd1 Qg5 28. a4 f5 29. Bc3 fxe4 30. Bxd4 Rxf1+ 31. Qxf1 Rf8 32. Be6+ Kh7 33. Qxf8 Qc1+ 34. Rxc1 1-0


[Site "https://www.chess.com"]

[Event "Titled Tuesday Blitz April 11 Late 2023"]
[White "Bas Mas, Jose Joaquin"]
[Black "Belov, Alexei"]
[WhiteFideId "22219064"]
[BlackFideId "4128206"]
[WhiteElo "2233"]
[BlackElo "2421"]
[Result "1-0"]
[Round "05"]
[TimeControl "180+2"]
[Date "2023.04.11"]
[WhiteClock "0:00:26"]
[BlackClock "0:00:49"]

1. e4 e6 2. d4 d5 3. e5 c5 4. c3 Qb6 5. Nf3 Nc6 6. Bd3 cxd4 7. O-O Bd7 8. Re1 Rc8 9. a3 Nge7 10. h4 h6 11. b4 a6 12. c4 dxc4 13. Nbd2 cxd3 14. Nc4 Qa7 15. Nd6+ Kd8 16. Nxf7+ Kc7 17. Nxh8 Be8 18. Qxd3 Kb8 19. Bb2 Rd8 20. Re4 g6 21. Rf4 Bg7 22. Nf7 Nxe5 23. N7xe5 Bxe5 24. Re4 Bg7 25. Rxe6 Nf5 26. g4 Bb5 27. Qe4 Nd6 28. Qxg6 Bf8 29. Bxd4 b6 30. Be5 Ka8 31. Rd1 Qb7 32. Rexd6 Bxd6 33. Rxd6 Rc8 34. Rxb6 Qd7 35. Rxa6+ Bxa6 36. Qxa6+ Qa7 37. Qxc8+ 1-0


[Site "https://www.chess.com"]

[Event "Titled Tuesday Blitz April 11 Late 2023"]
[White "Dzierzak, Radoslaw"]
[Black "Ibadov, Dashgyn"]
[WhiteFideId "1161407"]
[BlackFideId "24107514"]
[WhiteElo "2166"]
[BlackElo "2208"]
[Result "0-1"]
[Round "05"]
[TimeControl "180+2"]
[Date "2023.04.11"]
[WhiteClock "0:00:02"]
[BlackClock "0:00:05"]

1. e4 e6 2. Nf3 d5 3. Nc3 Nf6 4. e5 Nfd7 5. Ne2 c5 6. c3 Nc6 7. d4 Be7 8. Nf4 cxd4 9. cxd4 g5 10. Nh5 g4 11. Ng7+ Kf8 12. Bh6 Kg8 13. Ng1 Bb4+ 14. Ke2 Bf8 15. h3 Bxg7 16. hxg4 Bxh6 17. Rxh6 Qg5 18. Rh3 b6 19. Nf3 Qf4 20. Ke1 Qe4+ 21. Be2 Ba6 22. Rc1 Qxe2+ 23. Qxe2 Bxe2 24. Kxe2 Rc8 25. Kd2 Kg7 26. a3 Na5 27. Rc3 Rxc3 28. bxc3 Nc4+ 29. Kd3 Nxa3 30. Nd2 Rc8 31. f4 Nc4 32. Nf3 a5 33. f5 a4 34. f6+ Kg8 35. Rh1 a3 36. Ra1 h6 37. g5 Kh7 38. g4 Rg8 39. Rh1 Rg6 40. gxh6 b5 41. g5 Ndb6 42. Kc2 Rg8 43. Kb3 Kg6 44. Rg1 Ra8 45. Nh4+ Kh7 46. g6+ fxg6 47. Rxg6 a2 48. Rg7+ Kxh6 49. Rg6+ Kh5 50. Rg1 Kxh4 0-1


[Site "https://www.chess.com"]

[Event "Titled Tuesday Blitz April 11 Late 2023"]
[White "Dzida, Kamil"]
[Black "Lenaerts, Lennert"]
[WhiteFideId "21828652"]
[BlackFideId "211435"]
[WhiteElo "2139"]
[BlackElo "2334"]
[Result "0-1"]
[Round "05"]
[TimeControl "180+2"]
[Date "2023.04.11"]
[WhiteClock "0:00:01"]
[BlackClock "0:00:11"]

1. e4 e5 2. Nf3 Nc6 3. Bb5 g6 4. O-O Bg7 5. c3 d6 6. d4 Bd7 7. d5 Nce7 8. Bxd7+ Qxd7 9. c4 h6 10. Nc3 f5 11. Ne1 Nf6 12. f3 O-O 13. Nd3 c6 14. Bd2 Rfc8 15. Rc1 Rab8 16. Qb3 Kh7 17. Rfd1 b5 18. cxb5 cxd5 19. exd5 Nfxd5 20. Nxd5 Rxc1 21. Bxc1 Rxb5 22. N3b4 a5 23. Nxe7 Qxe7 24. Nd5 Qb7 25. Qd3 Rc5 26. Be3 Rc8 27. b3 a4 28. bxa4 Qb2 29. Qb3 Qe2 30. Ne7 Re8 31. Nc6 Rc8 32. Rc1 e4 33. fxe4 fxe4 34. Rf1 Rxc6 35. Ba7 Rc2 36. Qg3 Rxa2 37. Bb6 Rxa4 38. Qxd6 Qd3 39. Qe6 Ra6 40. Rf7 Qd1+ 41. Rf1 Rxb6 0-1


[Site "https://www.chess.com"]